 Dungeon Crawl Stone Soup version 0.25-a0-424-g80bd347ae0 (webtiles) character file.

Game seed: 17217572990819658030, levelgen mode: deterministic

3258 zorance the Fighter (level 10, -2/106 HPs)
             Began as an Ogre Wizard on Jan 20, 2020.
             Was a Follower of Ashenzari.
             Slain by a two-headed ogre
             ... wielding a +0 giant club
              (4 damage)
             ... on level 8 of the Dungeon.
             The game lasted 00:36:22 (11285 turns).

zorance the Fighter (Ogre Wizard)                  Turns: 11285, Time: 00:36:23

Health: -2/106     AC:  7    Str: 13    XL:     10   Next: 0%
Magic:  6/19       EV: 10    Int: 26    God:    Ashenzari [*.....]
Gold:   383        SH:  0    Dex: 10    Spells: 11/21 levels left

rFire    + . .     SeeInvis .   c - +4 dagger (venom) (curse)
rCold    + . .     Gourm    .   (no shield)
rNeg     . . .     Faith    .   J - +2 robe
rPois    .         Spirit   .   b - +1 hat
rElec    .         Reflect  .   A - +0 cloak
rCorr    .         Harm     .   (gloves unavailable)
MR       +....                  (boots unavailable)
Stlth    +++.......             (no amulet)
HPRegen  0.27/turn              y - ring "Uhuadotz" {rF+ rC+ Dex+3 Stlth+}
MPRegen  0.16/turn              q - +4 ring of intelligence

@: very slightly contaminated
A: large, unfitting armour, tough skin 1
a: Curse Item, Scrying, Renounce Religion


You were on level 8 of the Dungeon.
You worshipped Ashenzari.
Ashenzari was aware of your devotion.
You were hungry.

You visited 2 branches of the dungeon, and saw 9 of its levels.

You collected 383 gold pieces.

Inventory:

Hand Weapons
 a - a +0 giant spiked club
 c - a cursed +4 dagger of venom (weapon)
 t - a +0 trident
 G - a +0 giant club
Missiles
 e - 21 poisoned darts (quivered)
 i - 4 large rocks
 F - 7 curare-tipped darts
 N - a throwing net
Armour
 b - a +1 hat (worn)
 A - a +0 cloak (worn)
 J - a +2 robe (worn)
Magical Staves
 w - an uncursed staff of poison
Jewellery
 q - a +4 ring of intelligence (right hand)
 r - an uncursed ring of positive energy
 y - the ring "Uhuadotz" (left hand) {rF+ rC+ Dex+3 Stlth+}
   (You found it on level 5 of the Dungeon)

   [ring of stealth]

   It affects your dexterity (+3).
   It protects you from fire.
   It protects you from cold.
   It makes you more stealthy.
 I - an uncursed ring of magical power
Wands
 x - a wand of polymorph (2)
 K - a wand of paralysis (7)
Scrolls
 g - a scroll of identify
 j - a scroll of fog
 l - a scroll of enchant armour
 m - 3 scrolls of fear
 s - a scroll of blinking {unknown}
 v - a scroll of magic mapping
 z - 2 scrolls of teleportation {unknown}
 D - 2 scrolls of random uselessness {unknown}
 E - 3 scrolls of immolation {unknown}
 L - a scroll of noise {unknown}
Potions
 f - a potion of magic {unknown}
 h - 3 potions of heal wounds {unknown}
 k - a potion of ambrosia {unknown}
 n - 2 potions of flight {unknown}
 o - 4 potions of curing
 p - 2 potions of brilliance
 u - 3 potions of lignification {unknown}
 B - a potion of resistance {unknown}
 C - 2 potions of might {unknown}
 H - 2 potions of agility {unknown}
Comestibles
 d - 17 rations


   Skills:
 + Level 8.5 Fighting
 * Level 5.0 Short Blades
 + Level 5.3 Throwing
 - Level 1.7 Dodging
 + Level 1.6 Stealth
 - Level 6.0 Spellcasting
 - Level 4.0 Conjurations
 - Level 2.4 Hexes
 - Level 2.0 Summonings
 - Level 2.0 Translocations
 + Level 2.4 Air Magic
 - Level 3.0 Poison Magic


You had 11 spell levels left.
You knew the following spells:

 Your Spells              Type           Power        Failure   Level  Hunger
a - Magic Dart            Conj           ####         1%          1    None
b - Call Imp              Summ           ###.....     4%          2    None
c - Mephitic Cloud        Conj/Pois/Air  ###.....     5%          3    None
d - Slow                  Hex            ###.....     4%          2    None
e - Blink                 Tloc           N/A          4%          2    None

Your spell library contained the following spells:

 Spells                   Type           Power        Failure   Level  Hunger
 Conjure Flame            Conj/Fire      ###.....     9%          3    None


Dungeon Overview and Level Annotations

Branches:
Dungeon (8/15)             Temple (1/1) D:7
   Lair: D:8-11

Altars:
Ashenzari
Cheibriados
Dithmenos
Elyvilon
Fedhas
Gozag
Hepliaklqana
Kikubaaqudgha
Makhleb
Nemelex Xobeh
Okawaru
Qazlal
Ru
Trog
Uskayaw
Vehumet
Wu Jian
Xom
Yredelemnul
Zin
The Shining One

Portals:
Bailey: D:8

Annotations:
D:3 exclusion: two-headed ogre
D:6 exclusion: 3 wights


Innate Abilities, Weirdness & Mutations

You are too large for most types of armour.
You have tough skin. (AC +1)


Message History

The hippogriff claws you.
* * * LOW HITPOINT WARNING * * *
Your crimson imp hits the gargoyle but does no damage.
What are your orders? t - Shout!
Orders for allies: a - Attack new target. p - Attack previous target. r - Retreat! s - Stop attacking. g - Guard the area. f - Follow me.
Anything else - Cancel.
Okay, then.
Casting: Call Imp (safe; 4% risk of failure)
Confirm with . or Enter, or press ? or * to list all spells.
You blink.
You kill the howler monkey!
You have reached level 10!
Your crimson imp barely misses the hippogriff.
The two-headed ogre hits you with a +0 giant club!
* * * LOW HITPOINT WARNING * * *
The two-headed ogre hits you with a +0 giant club.
You die...

**,,,*###.))............,*,*
*****#....)†≈H≈≈≈......**,*
#....5#####≈......**,,
###...≈#...*≈......,,,,
###.....5..∩.*≈......,,,,
#....§.H≈#...#≈......,,,,
###...$).≈#####≈.....,,,,,
#......9O≈≈≈≈≈≈≈.,,,,,,,**
##..##...@.......,,,,,,,**
###*#....#......,,,,,,,**
#.....#*#....,,,*,,,,*
##...## **...**,*,,,,, #####
**..,,**,,,,, *,,,,*,,,,*,
**,,,*,,,,** *,,,,,,,,**
*,,,,,,,,,,


You could see a two-headed ogre, a hippogriff, a gargoyle, a crimson imp and a
friendly crimson imp.

Vanquished Creatures
  Pikel (D:7)
  Prince Ribbit (D:7)
  Grinder (D:5)
  Sigmund (D:5)
  Edmund (D:4)
  A sky beast (D:5)
  An ice beast (D:6)
  An orc warrior (D:7)
  2 slaves (D:7)
  A centaur (D:5)
  4 ogres
  A gnoll sergeant (D:6)
  Blork the orc (D:5)
  2 scorpions
  5 killer bees (D:6)
  5 howler monkeys
  A crimson imp (D:5)
  A bullfrog zombie (D:8)
  A jelly (D:7)
  3 orc priests
  6 orc wizards
  Natasha (thrice) (D:3)
  An iguana (D:5)
  6 worker ants
  A killer bee zombie (D:6)
  2 hound zombies
  7 gnolls
  9 adders
  A shadow imp (D:5)
  3 adder skeletons
  3 worms
  A dart slug (D:3)
  7 leopard geckos
  27 orcs
  5 giant cockroaches
  10 goblins
  9 hobgoblins
  7 jackals
  10 kobolds
  3 quokkas
  7 bats
  A frilled lizard (D:2)
  A quokka skeleton (D:5)
  8 rats
173 creatures vanquished.

Vanquished Creatures (collateral kills)
  A phantom (D:4)
  A hound (D:7)
  Crazy Yiuf (D:5)
  A bullfrog skeleton (D:5)
  An orc wizard (D:4)
  A worker ant (D:5)
  A gnoll (D:6)
  An ooze (D:4)
  2 orcs
  A giant cockroach (D:5)
  A jackal (D:4)
  2 goblins (D:8)
14 creatures vanquished.

Vanquished Creatures (others)
  A slave (D:7)
  A killer bee (D:6)
  A gnoll (D:7)
3 creatures vanquished.

Grand Total: 190 creatures vanquished

Notes
Turn   | Place    | Note
-------+----------+-------------------------------------------
     0 | D:1      | zorance the Ogre Wizard began the quest for the Orb.
     0 | D:1      | Reached XP level 1. HP: 16/16 MP: 5/5
    55 | D:1      | Reached skill level 1 in Conjurations
   427 | D:1      | Reached XP level 2. HP: 16/24 MP: 1/6
   518 | D:1      | Learned a level 2 spell: Call Imp
   576 | D:1      | Reached skill level 1 in Summonings
  1001 | D:1      | Reached XP level 3. HP: 31/31 MP: 5/8
  1031 | D:1      | Learned a level 3 spell: Mephitic Cloud
  1034 | D:1      | Learned a level 2 spell: Slow
  2882 | D:3      | Reached XP level 4. HP: 39/39 MP: 6/10
  2938 | D:3      | Noticed Natasha
  2952 | D:3      | Killed Natasha
  3258 | D:3      | Noticed a two-headed ogre
  3263 | D:3      | Found a snail-covered altar of Cheibriados.
  3308 | D:3      | Reached XP level 5. HP: 45/45 MP: 9/11
  3375 | D:3      | Found a glowing silver altar of Zin.
  3614 | D:3      | Found a stormy altar of Qazlal.
  3695 | D:3      | Noticed Natasha
  3710 | D:3      | Killed Natasha
  3710 | D:3      | Reached skill level 1 in Hexes
  4101 | D:3      | Reached XP level 6. HP: 53/53 MP: 8/13
  4105 | D:3      | Noticed Natasha
  4150 | D:3      | Killed Natasha
  4477 | D:4      | Noticed Edmund
  4498 | D:4      | Killed Edmund
  4550 | D:4      | Reached skill level 5 in Spellcasting
  4705 | D:4      | Noticed a phantom
  4845 | D:4      | Killed a phantom
  5010 | D:4      | Reached XP level 7. HP: 59/59 MP: 11/15
  5461 | D:4      | Reached skill level 1 in Fighting
  5478 | D:4      | Reached skill level 1 in Air Magic
  5478 | D:4      | Reached skill level 1 in Poison Magic
  5675 | D:4      | Reached skill level 2 in Fighting
  5710 | D:4      | Learned a level 2 spell: Blink
  5972 | D:4      | Found a shattered altar of Ashenzari.
  5977 | D:4      | Became a worshipper of Ashenzari the Shackled
  6124 | D:5      | Entered Level 5 of the Dungeon
  6126 | D:5      | Reached skill level 1 in Translocations
  6233 | D:5      | Found a runed translucent door.
  6234 | D:5      | Noticed Crazy Yiuf
  6588 | D:5      | Reached skill level 3 in Fighting
  6588 | D:5      | Reached XP level 8. HP: 32/75 MP: 11/17
  6593 | D:5      | Noticed Sigmund
  6792 | D:5      | Killed Sigmund
  6792 | D:5      | Reached skill level 4 in Fighting
  7004 | D:5      | Noticed Blork the orc
  7036 | D:5      | Killed Blork the orc
  7161 | D:5      | Reached skill level 1 in Short Blades
  7161 | D:5      | Reached skill level 1 in Throwing
  7191 | D:5      | Identified the ring "Uhuadotz" {rF+ rC+ Dex+3 Stlth+}
  7420 | D:5      | Noticed Grinder
  7430 | D:5      | Paralysed by Grinder for 2 turns
  7464 | D:5      | Paralysed by Grinder for 2 turns
  7478 | D:5      | Killed Grinder
  7478 | D:5      | Reached skill level 5 in Fighting
  7975 | D:5      | Killed Crazy Yiuf
  8310 | D:6      | Reached skill level 6 in Fighting
  8312 | D:6      | Reached XP level 9. HP: 84/89 MP: 9/18
  9994 | D:7      | Noticed Pikel
 10002 | D:7      | Reached skill level 7 in Fighting
 10023 | D:7      | Killed Pikel
 10294 | D:7      | Found a staircase to the Ecumenical Temple.
 10313 | Temple   | Entered the Ecumenical Temple
 10681 | D:7      | Reached skill level 8 in Fighting
 10838 | D:7      | Noticed Prince Ribbit
 10845 | D:7      | Killed Prince Ribbit
 10845 | D:7      | Reached skill level 5 in Throwing
 10919 | D:7      | Reached * piety under Ashenzari
 11259 | D:8      | Noticed a gargoyle
 11276 | D:8      | Found a flagged portal.
 11277 | D:8      | Noticed a two-headed ogre
 11279 | D:8      | Reached skill level 5 in Short Blades
 11284 | D:8      | Reached XP level 10. HP: 18/106 MP: 6/19
 11285 | D:8      | HP: 2/106 [two-headed ogre/+0 giant club (16)]
 11285 | D:8      | Slain by a two-headed ogre

Levels and vault maps discovered:
D:1:      psy_arrival_fountain, layout_loops_ring
D:2:      layout_basic
D:3:      minmay_skewed_foursquare, layout_basic, grunt_temple_overflow_open,
          first_ration, grunt_qazlal_sundering, uniq_natasha
D:4:      layout_loops_corners, kennysheep_little_box, minmay_bisected,
          uniq_edmund
D:5:      layout_basic, chequers_jeans, minivault_4, uniq_grinder,
          uniq_crazy_yiuf_cottage, uniq_blork_the_orc, uniq_sigmund
D:6:      layout_basic
D:7:      layout_basic, minmay_temple_entry_large_hall, grunt_ogre_cave,
          uniq_prince_ribbit1, uniq_pikel
D:8:      layout_cave_pools, serial_column_ruins, column_ruins_columns_T,
          column_ruins_corridor_dead_end, column_ruins_corridor_straight,
          enter_bailey_3, kennysheep_nub, st_stairs_6,
          onia_ninara_dug_in_and_dangerous, uniq_maurice, uniq_erica
Temple:   dpeg_five_rooms_temple

Skill      XL: |  1  2  3  4  5  6  7  8  9 |
---------------+----------------------------+-----
Conjurations   | 1 2 3 4 |  4.0
Summonings     | 1 2 |  2.0
Spellcasting   | 4 5 6 |  6.0
Hexes          | 1 2 |  2.4
Fighting       | 3 6 8 |  8.5
Air Magic      | 2 |  2.4
Poison Magic   | 2 3 |  3.0
Translocations | 2 |  2.0
Short Blades   | 2 5 |  5.0
Throwing       | 2 5 |  5.3
Dodging        | |  1.7
Stealth        | |  1.6

Action                   |  1- 3 |  4- 6 |  7- 9 | 10-12 || total
-------------------------+-------+-------+-------+-------++-------
Melee: Dagger            |    39 |    51 |   217 |       ||   307
       Unarmed           |       |       |     4 |       ||     4
Throw: Dart              |       |     6 |    38 |       ||    44
       Large rock        |       |     6 |       |       ||     6
 Cast: Magic Dart        |    79 |    67 |   134 |       ||   280
       Call Imp          |       |    12 |    31 |       ||    43
       Slow              |       |     1 |     2 |       ||     3
       Mephitic Cloud    |       |       |    31 |       ||    31
       Blink             |       |       |     2 |       ||     2
Invok: Curse Item        |       |       |     1 |       ||     1
  Use: Scroll            |       |       |     6 |       ||     6
 Stab: Sleeping          |     1 |       |     2 |       ||     3
       Confused          |       |       |     4 |       ||     4
       Distracted        |       |       |     1 |       ||     1
  Eat: Chunk             |     5 |     6 |    17 |       ||    28
       Ration            |       |       |     1 |       ||     1
Armor: Robe              |     3 |     5 |    44 |       ||    52
       Skin              |       |    10 |     1 |       ||    11
Dodge: Dodged            |    24 |    20 |   108 |       ||   152

Table legend:
 A = Non-vault XP
 B = Vault XP
 C = Vault XP percentage of total XP
 D = Non-vault monster count
 E = Vault monster count
 F = Vault count percentage of total count
                 A         B        C        D         E       F
            +---------+---------+-------+---------+---------+-------
      Total |    2935 |    1720 |  36.9 |     164 |      23 |  12.3
            +---------+---------+-------+---------+---------+-------
        D:1 |      39 |       0 |   0.0 |      21 |       0 |   0.0
        D:2 |      41 |       0 |   0.0 |      20 |       0 |   0.0
        D:3 |     154 |     130 |  45.8 |      24 |       8 |  25.0
        D:4 |     454 |     183 |  28.7 |      24 |       4 |  14.3
        D:5 |     536 |     559 |  51.1 |      27 |       4 |  12.9
        D:6 |     860 |       0 |   0.0 |      26 |       0 |   0.0
        D:7 |     475 |     843 |  64.0 |      16 |       3 |  15.8
        D:8 |     376 |       5 |   1.3 |       6 |       4 |  40.0
            +---------+---------+-------+---------+---------+-------
